Map: 16-Bit LE

Players

Harstem - Winner!

  • Race: Protoss Protoss
  • League: Master
  • Spawn Location: 7:00

GOStephano (Stephano)

  • Race: Zerg Zerg
  • League: Master
  • Spawn Location: 1:00

Event: HomeStory Cup XVII

VOD

Have the link to the VOD?

Description

Time

  • Played on: June 28, 2018, 1:47 p.m.
  • Length: 23:34

All games in this series

Show
View Real Time Build Order
Export as new Build Order

Harstem Protoss - Winner!

Build Orders: 1 Gate Expand, Double Forge, Oracle Opening, Zealot Archon 

Get SALT Encoding   

  12  0:00  Probe  
  13  0:12  Probe  
  14  0:18  Pylon  
  14  0:24  Probe  
  15  0:33  Probe  
  15  0:39  Gateway  
  15  0:41  Probe  
  16  0:48  Assimilator  
  17  0:51  Probe  
  18  1:03  Probe  
  19  1:15  Probe  
  20  1:24  Nexus  
  20  1:35  Cybernetics Core  
  20  1:39  Probe  
  21  1:44  Assimilator  
  21  1:51  Probe  
  22  1:54  Pylon  
  22  2:03  Adept, Probe  
  26  2:15  Probe  
  26  2:19  Stargate  
  26  2:22  Stalker  
  26  2:25  Warp Gate  
  26  2:27  Probe  
  29  2:38  Probe  
  29  2:39  Probe  
  31  2:50  Probe  
  32  2:52  Probe  
  32  2:54  Oracle  
  33  3:02  Probe  
  33  3:04  Probe  
  38  3:09  Pylon  
  36  3:14  Probe  
  36  3:15  Pylon  
  36  3:16  Probe  
  38  3:22  Oracle  
  38  3:26  Probe  
  39  3:28  Probe  
  43  3:37  Adept  
  43  3:38  Probe  
  47  3:41  Probe  
  47  3:50  Probe  
  47  3:53  Probe  
  47  3:54  Nexus  
  49  3:59  Pylon  
  49  4:03  Probe  
  49  4:05  Probe  
  51  4:11  Assimilator  
  51  4:12  Probe  
  51  4:13  Probe  
  51  4:15  Assimilator  
  52  4:20  Probe  
  52  4:21  Probe  
  52  4:24  Gateway  
  54  4:25  Gateway  
  54  4:29  Probe  
  55  4:31  Probe  
  57  4:39  Forge  
  57  4:41  Probe  
  57  4:42  Adept, Twilight Council  
  57  4:44  Probe  
  61  4:53  Probe  
  61  4:56  Probe  
  61  4:57  Forge  
  63  5:04  Protoss Ground Weapons Level 1  
  63  5:05  Gateway  
  63  5:07  Protoss Ground Armor Level 1  
  63  5:08  Zealot  
  63  5:10  Probe  
  63  5:11  Probe  
  63  5:12  Probe  
  67  5:14  Charge  
  67  5:20  Pylon  
  65  5:22  Probe  
  65  5:23  Probe  
  65  5:24  Probe, Pylon  
  68  5:34  Probe  
  70  5:35  Probe  
  70  5:37  Robotics Facility  
  70  5:39  Assimilator  
  70  5:40  Probe  
  70  5:41  Assimilator  
  70  5:42  Sentry  
  73  5:45  Zealot  
  73  5:47  Probe x2  
  75  5:51  Shield Battery  
  75  5:52  Probe  
  75  5:53  Sentry  
  78  5:59  Gateway, Probe  
  78  6:00  Probe  
  78  6:02  Gateway  
  80  6:04  Probe  
  80  6:11  Templar Archives  
  81  6:13  Gateway  
  81  6:14  Gateway, Probe  
  81  6:16  Probe, Warp Prism  
  83  6:18  Pylon  
  83  6:21  Probe  
  84  6:31  Protoss Ground Weapons Level 2  
  86  6:39  Protoss Ground Armor Level 2  
  86  6:41  Probe  
  86  6:44  Probe  
  88  6:47  Probe  
  88  6:49  High Templar x4  
  88  6:52  Pylon  
  88  6:53  Warp Prism, Pylon  
  99  6:55  Archon, Pylon  
  99  6:56  Archon  
  99  7:02  Pylon  
  99  7:04  Psionic Storm  
  99  7:06  Gateway  
  99  7:07  Gateway  
  99  7:10  High Templar x2  
  103  7:15  Photon Cannon  
  103  7:19  Zealot  
  105  7:23  High Templar  
  107  7:34  Probe  
  107  7:39  High Templar x2  
  111  7:45  Zealot x5  
  111  7:47  Nexus  
  111  7:49  Pylon  
  117  7:53  Immortal  
  121  7:59  Pylon  
  119  8:05  High Templar  
  119  8:09  Assimilator  
  113  8:14  Assimilator  
  113  8:15  Photon Cannon  
  113  8:17  High Templar  
  113  8:18  Photon Cannon, High Templar, Zealot x3  
  113  8:19  Shield Battery, Zealot x2  
  127  8:22  Shield Battery  
  127  8:23  Archon  
  127  8:29  Probe  
  127  8:30  Photon Cannon  
  127  8:31  Shield Battery  
  127  8:33  Observer  
  129  8:35  Zealot x2  
  133  8:43  High Templar  
  133  8:44  High Templar  
  133  8:46  Zealot x4  
  137  8:50  Archon, Probe  
  137  8:52  Protoss Ground Weapons Level 3  
  138  8:56  Probe  
  138  8:57  High Templar x2  
  138  8:58  Probe  
  138  8:59  Probe  
  143  9:03  Archon  
  143  9:05  Probe  
  143  9:07  Zealot x6  
  156  9:10  Pylon  
  156  9:11  Pylon  
  154  9:30  Fleet Beacon, Protoss Ground Armor Level 3, Stargate  
  147  9:39  Zealot x8  
  147  9:40  Zealot x2  
  119  10:02  Zealot x10  
  111  10:15  Nexus  
  105  10:23  High Templar x4  
  105  10:24  High Templar x2  
  105  10:25  Zealot x4  
  121  10:29  Pylon  
  121  10:34  Archon  
  121  10:47  Pylon  
  121  10:48  Photon Cannon, High Templar x2  
  125  10:52  Archon  
  125  10:55  Zealot x5  
  135  11:02  Archon  
  116  11:04  Zealot x3  
  112  11:16  Zealot x5  
  112  11:22  High Templar x2  
  114  11:26  High Templar x3  
  112  11:33  Archon  
  112  11:37  Zealot x5  
  109  11:41  Immortal  
  91  11:59  High Templar x2  
  95  12:02  Zealot x3  
  95  12:04  Archon  
  101  12:08  Zealot x4  
  101  12:10  Immortal  
  103  12:27  High Templar  
  103  12:28  High Templar  
  107  12:32  Archon  
  107  12:33  Zealot x4  
  107  12:34  Zealot x3  
  107  12:36  Immortal  
  78  12:53  Zealot x2  
  78  12:54  Zealot x4  
  89  13:00  Zealot x2  
  77  13:12  Nexus  
  77  13:14  Immortal  
  77  13:15  High Templar x2  
  77  13:16  High Templar x2  
  77  13:19  Zealot x2  
  83  13:21  Archon  
  83  13:22  Archon  
  83  13:26  High Templar  
  83  13:27  High Templar  
  83  13:28  Zealot  
  83  13:30  Zealot  
  82  13:48  High Templar x2  
  86  13:49  Zealot x3  
  86  13:51  Immortal  
  86  13:52  Archon  
  86  13:53  Probe  
  93  13:57  Zealot  
  95  14:07  Nexus  
  95  14:09  Pylon  
  99  14:10  High Templar x2  
  99  14:14  Zealot  
  103  14:21  Zealot  
  103  14:22  Zealot  
  107  14:25  Zealot  
  107  14:27  Zealot  
  107  14:29  Observer  
  110  14:33  Zealot  
  109  14:41  High Templar  
  109  14:42  High Templar  
  109  14:44  Zealot x3  
  118  14:47  Zealot x2  
  118  14:49  Archon  
  95  15:10  Archon  
  95  15:11  Zealot x6  
  87  15:30  High Templar x2  
  89  15:42  High Templar x4  
  93  15:49  Nexus  
  83  15:52  High Templar  
  83  15:53  Zealot  
  83  15:55  Probe  
  83  15:56  Probe  
  89  16:02  Archon  
  89  16:03  Archon  
  89  16:06  Zealot x2  
  93  16:16  High Templar x2  
  93  16:18  Zealot x3  
  103  16:20  Archon  
  103  16:22  Warp Prism  
  103  16:43  High Templar x2  
  103  16:44  Zealot  
  107  16:48  Nexus  
  107  16:52  Observer, Zealot x2  
  111  16:56  Archon  
  111  17:00  Zealot x2  
  116  17:10  Zealot  
  118  17:19  High Templar  
  118  17:20  High Templar, Zealot  
  124  17:24  Archon  
  124  17:43  Zealot x3  
  125  17:52  High Templar x2  
  125  17:54  Pylon  
  129  17:58  Archon  
  127  18:17  Nexus  
  123  18:23  Oracle  
  117  18:34  High Templar  
  118  18:48  Observer  
  117  19:01  Zealot x2  
  121  19:15  High Templar  
  121  19:16  Zealot x2  
  125  19:47  Assimilator  
  123  19:57  Assimilator  
  123  19:58  Nexus  
  121  20:13  Immortal, Zealot x6  
  129  20:40  High Templar  
  131  20:48  Zealot x2  
  131  20:49  Zealot x2  
  139  20:50  Observer  
  134  21:06  Pylon  
  129  21:14  Observer  
  129  21:22  High Templar x2  
  129  21:23  Zealot x4  
  142  21:28  Archon  
  142  21:29  Probe  
  142  21:32  Assimilator  
  143  21:35  Observer  
  143  21:36  Assimilator  
  143  21:44  Zealot x3  
  150  21:53  Probe  
  150  21:54  Observer  
  151  21:57  Zealot x3  
  158  22:09  Immortal  
  158  22:20  Zealot x4  
  170  22:25  Pylon  
  166  22:35  Dark Shrine  
  131  22:55  High Templar x2  
  131  22:56  Zealot x6  
  124  23:17  Zealot x6  
Show
View Real Time Build Order
Export as new Build Order

GOStephano Zerg 

Build Orders: Hatch First 

Get SALT Encoding   

  12  0:00  Drone  
  13  0:12  Overlord  
  13  0:17  Drone  
  14  0:31  Drone x2  
  16  0:50  Hatchery  
  16  0:53  Drone  
  16  0:56  Drone  
  17  1:01  Drone  
  18  1:09  Extractor  
  17  1:16  Spawning Pool  
  16  1:20  Drone  
  16  1:22  Drone  
  18  1:28  Drone  
  19  1:39  Drone  
  20  1:50  Drone  
  21  2:03  Overlord, Queen x2  
  21  2:06  Zergling x2  
  26  2:12  Drone  
  26  2:14  Metabolic Boost, Drone  
  28  2:22  Drone  
  29  2:25  Drone  
  30  2:36  Hatchery  
  29  2:43  Queen  
  31  2:47  Overlord  
  31  2:50  Zergling x2  
  32  2:52  Drone  
  32  2:56  Overlord  
  33  3:00  Drone  
  33  3:01  Drone  
  33  3:05  Drone  
  36  3:06  Drone  
  37  3:17  Drone  
  37  3:18  Drone x2, Evolution Chamber  
  37  3:19  Drone  
  40  3:25  Queen  
  42  3:30  Drone x2  
  42  3:32  Spore Crawler  
  43  3:35  Spore Crawler  
  43  3:37  Drone  
  43  3:39  Drone  
  44  3:47  Zerg Melee Weapons Level 1  
  44  3:48  Overlord  
  44  3:51  Spore Crawler  
  44  3:52  Drone  
  44  3:55  Drone  
  45  3:57  Drone  
  45  4:00  Drone x2  
  48  4:05  Drone x2  
  49  4:16  Zergling x2  
  54  4:17  Zergling x12  
  56  4:29  Zergling x2  
  56  4:30  Overlord  
  57  4:34  Overlord  
  57  4:42  Lair  
  57  4:44  Overlord x2  
  57  4:45  Drone  
  58  4:49  Overlord  
  58  4:50  Drone x4  
  58  4:52  Drone  
  63  4:54  Drone  
  63  4:56  Extractor  
  63  4:57  Drone, Extractor  
  63  5:04  Zergling x10  
  67  5:12  Zergling x2  
  66  5:19  Drone x5  
  71  5:24  Drone x4  
  71  5:27  Drone  
  75  5:29  Drone  
  76  5:35  Drone  
  76  5:36  Queen, Drone x2  
  76  5:37  Drone  
  76  5:38  Drone  
  76  5:40  Hatchery, Extractor  
  76  5:42  Hydralisk Den, Drone  
  81  5:49  Drone x3  
  81  5:50  Drone x2  
  81  5:56  Drone x4  
  85  5:59  Extractor  
  85  6:00  Extractor  
  85  6:03  Overlord  
  83  6:08  Drone  
  83  6:09  Zerg Melee Weapons Level 2  
  83  6:10  Baneling Nest  
  83  6:12  Hydralisk x2  
  87  6:21  Overlord  
  87  6:24  Hydralisk x5  
  97  6:30  Infestation Pit  
  96  6:37  Drone x2  
  94  6:42  Drone x3  
  94  6:45  Hydralisk x3  
  103  6:54  Hydralisk x2  
  103  6:56  Zergling x18  
  116  7:02  Overseer  
  116  7:06  Zergling x2  
  116  7:07  Zergling x4  
  119  7:11  Centrifical Hooks  
  119  7:14  Zergling x2  
  120  7:15  Overlord  
  120  7:16  Overlord x3  
  120  7:21  Muscular Augments  
  120  7:35  Hydralisk x5  
  128  7:38  Zergling x12  
  128  7:43  Zergling x2  
  134  7:49  Hydralisk x5  
  143  7:52  Overlord  
  143  7:53  Overlord  
  143  8:02  Zergling x8  
  144  8:09  Zergling x8  
  148  8:15  Spine Crawler  
  148  8:16  Overlord, Zergling x2  
  148  8:17  Zergling x18  
  157  8:21  Baneling x7  
  157  8:23  Baneling x3  
  157  8:24  Baneling x2  
  157  8:29  Zergling x6  
  157  8:30  Zergling x2  
  157  8:32  Grooved Spines  
  157  8:33  Zerg Missile Weapons Level 1  
  161  8:35  Zergling x4  
  163  8:43  Zergling x2  
  163  8:44  Zergling x10  
  163  8:46  Zergling x6  
  172  8:51  Overlord  
  172  8:55  Overlord  
  172  9:01  Baneling x12  
  171  9:03  Zergling x8  
  171  9:07  Baneling x9  
  173  9:21  Zergling x2  
  173  9:22  Zergling x14  
  165  9:26  Zergling x16  
  171  9:35  Zergling x2  
  171  9:36  Zergling x16  
  159  9:41  Hydralisk x2  
  159  9:45  Zergling x4  
  152  9:50  Zergling x8  
  152  9:55  Zergling x12  
  148  10:02  Hydralisk x4  
  148  10:06  Hydralisk  
  131  10:10  Zergling x8  
  125  10:15  Zergling x6  
  127  10:25  Zergling x16  
  135  10:29  Zergling x6  
  135  10:31  Baneling x6  
  138  10:40  Zergling x16  
  146  10:44  Baneling x5  
  146  10:45  Zergling x2  
  146  10:46  Zergling x2  
  148  10:53  Zergling x12  
  154  11:02  Zergling x16  
  142  11:09  Zergling x6  
  136  11:14  Hydralisk  
  134  11:19  Hydralisk x5  
  134  11:21  Zergling x2  
  134  11:22  Zergling x2  
  134  11:24  Zergling x4  
  146  11:32  Zergling x12  
  142  11:37  Zergling x2  
  133  11:40  Hydralisk  
  126  11:47  Zergling x18  
  126  11:51  Hydralisk x3  
  137  11:56  Zergling x2  
  137  11:57  Zergling x6  
  137  12:01  Zergling x2  
  133  12:03  Baneling x2  
  133  12:05  Hydralisk  
  132  12:12  Zergling x2  
  132  12:13  Zergling x4  
  128  12:16  Baneling  
  128  12:17  Baneling x7  
  128  12:18  Hydralisk  
  128  12:19  Hydralisk x2  
  128  12:22  Zergling x6  
  137  12:27  Baneling x7  
  137  12:28  Zergling x2  
  131  12:38  Zergling x12  
  131  12:40  Hydralisk  
  128  12:45  Hydralisk x3  
  128  12:46  Zergling x2  
  128  12:47  Zergling x2  
  128  12:50  Zergling x2  
  128  12:51  Zergling x4  
  135  12:56  Zergling x10  
  136  13:04  Zergling x12  
  134  13:09  Hydralisk  
  134  13:10  Hydralisk  
  134  13:12  Queen  
  130  13:14  Hydralisk  
  130  13:15  Hydralisk  
  120  13:20  Zergling x6  
  120  13:25  Zergling x2  
  120  13:26  Zergling x4  
  114  13:36  Drone x6  
  120  13:44  Baneling x5  
  120  13:46  Hydralisk x2  
  124  13:53  Hydralisk  
  124  13:54  Hydralisk x2  
  130  13:59  Zergling x8  
  134  14:05  Zergling x8  
  134  14:07  Baneling x5  
  134  14:08  Baneling  
  138  14:21  Zergling x16  
  146  14:25  Baneling  
  146  14:26  Baneling x7  
  145  14:31  Hatchery  
  144  14:41  Zergling x16  
  144  14:43  Zergling x4  
  153  14:51  Zergling x12  
  148  15:03  Hydralisk  
  110  15:09  Zergling x18  
  89  15:18  Hydralisk  
  89  15:19  Hydralisk x3  
  84  15:33  Hydralisk  
  84  15:34  Hydralisk  
  87  15:37  Zergling x8  
  91  15:48  Drone  
  91  15:49  Drone x3  
  91  15:55  Lurker Den  
  90  16:04  Zerg Missile Weapons Level 2  
  90  16:10  Hatchery  
  87  16:32  Hydralisk, Drone x4  
  85  16:33  Hydralisk x6  
  97  16:46  Overseer  
  96  16:54  Pneumatized Carapace  
  96  17:18  Baneling x7  
  96  17:26  Lurker x4  
  96  17:27  Lurker x10  
  96  17:28  Lurker  
  96  17:29  Lurker  
  112  17:53  Hydralisk  
  112  17:54  Hydralisk  
  104  18:14  Drone x3  
  104  18:15  Drone x8  
  114  18:30  Drone x2  
  116  18:35  Drone  
  117  18:47  Hydralisk  
  117  19:08  Extractor  
  116  19:16  Hydralisk  
  118  19:25  Zergling x16  
  118  19:28  Hatchery  
  125  19:44  Hydralisk x4  
  133  20:05  Hive, Drone x3  
  133  20:07  Drone x3  
  136  20:15  Zergling x6  
  133  20:33  Overseer  
  133  20:34  Overseer  
  133  20:36  Drone x2  
  133  20:37  Drone x3  
  138  20:48  Hatchery  
  132  21:12  Hydralisk x9  
  150  21:30  Adaptive Talons  
  147  21:34  Extractor  
  147  21:35  Drone x3  
  149  21:48  Hydralisk x5  
  149  21:53  Extractor  
  158  21:56  Spine Crawler  
  157  22:11  Hydralisk x6  
  169  22:19  Zergling x2  
  169  22:20  Zergling x2  
  164  22:42  Hydralisk x6  
  164  22:43  Hydralisk  
  153  22:46  Hydralisk x3  
  157  22:52  Zergling x4  
Tags
 
Add a new tag
Caveats
  • Supply blocks, unpowered buildings, or Contaminate may cause inaccurate times.
  • Supply counts are checked every 10 seconds.